 Dungeon Crawl Stone Soup version 0.22-b1-26-g9dbaab1 (webtiles) character file.

109 Marcoleric the Shield-Bearer (level 5, -1/36 HPs)
             Began as a Halfling Fighter on Aug 7, 2018.
             Shot with an arrow by a centaur (9 damage)
             ... on level 7 of the Dungeon.
             The game lasted 00:05:47 (886 turns).

Marcoleric the Shield-Bearer (Halfling Fighter)      Turns: 886, Time: 00:05:48

Health: -1/36      AC:  7    Str: 18    XL:     5   Next: 13%
Magic:  5/5        EV: 10    Int:  6    God:
Gold:   82         SH: 10    Dex: 14    Spells: 4/4 levels left

rFire    . . .     SeeInvis .   a - +0 war axe
rCold    . . .     Gourm    .   c - +0 shield
rNeg     . . .     Faith    .   b - +0 scale mail
rPois    .         Spirit   .   (no helmet)
rElec    .         Reflect  .   (no cloak)
rCorr    .         Harm     .   (no gloves)
MR       .....                  (no boots)
Stlth    ..........             (no amulet)
HPRegen  0.12/turn              (no ring)
MPRegen  0.09/turn              (no ring)

@: no status effects
A: small, mutation resistance 1
a: no special abilities


You were on level 7 of the Dungeon.
You were not hungry.

You visited 1 branch of the dungeon, and saw 7 of its levels.

You collected 82 gold pieces.

Inventory:

Hand Weapons
 a - a +0 war axe (weapon)
 e - a +0 dagger
Armour
 b - a +0 scale mail (worn)
 c - a +0 shield (worn)
 h - a +0 troll leather armour
Jewellery
 o - a +5 ring of strength {unknown}
Wands
 l - a wand of digging (11)
 n - a wand of clouds (5)
Scrolls
 g - a scroll of enchant weapon {unknown}
 i - a scroll of remove curse {unknown}
 k - a scroll of identify {unknown}
 m - a scroll of teleportation {unknown}
Potions
 d - 2 potions of might
 j - a potion of agility {unknown}


   Skills:
 + Level 3.0 Fighting
 + Level 3.1 Axes
 + Level 3.7 Armour
 + Level 1.3 Dodging
 + Level 0.1 Stealth
 + Level 4.3 Shields


You had 4 spell levels left.
You didn't know any spells.
Your spell library was empty.

Dungeon Overview and Level Annotations

Branches:
Dungeon (7/15)
 Temple: D:4-7

Altars:


Innate Abilities, Weirdness & Mutations

You are small and have problems with some larger weapons.
You are somewhat resistant to further mutation.


Message History

You miss the jackal.
The jackal bites you but does no damage.
An orc priest comes into view. It is wielding a club.
An orc comes into view. It is wielding a short sword.
The jackal misses you.
The orc shouts!
The orc priest shouts!
You slash the jackal!
You kill the jackal!
The centaur shoots an arrow.
The arrow hits you.
An orc comes into view. It is wielding a trident.
The centaur shoots an arrow.
The arrow hits you.
* * * LOW HITPOINT WARNING * * *
You eat the ration.
That ration really hit the spot!
The centaur unwields an uncursed shortbow.
The centaur hits you.
* * * LOW HITPOINT WARNING * * *
You block the gnoll's attack.
The centaur wields an uncursed shortbow.
The centaur shoots an arrow.
The arrow hits you!
You die...

... ..... #..
##...$ #.# #.....
#.####.....
###..........
######o...(....(()
#(cgoooo.###.<...†
#.######(...#.....
#@# ####.......
#.# ###..... #.#
##.### #.# ... ...
###.. ##. .. . +#


You could see a centaur.

Vanquished Creatures
  A hound (D:4)
  An iguana (D:4)
  A worker ant (D:4)
  An adder (D:2)
  A gnoll (D:7)
  A ball python (D:2)
  2 bats
  A giant cockroach (D:7)
  2 goblins
  2 jackals (D:7)
  A frilled lizard (D:2)
  A quokka skeleton (D:4)
  A rat (D:3)
16 creatures vanquished.

Notes
Turn   | Place    | Note
-------+----------+-------------------------------------------
     0 | D:1      | Marcoleric the Halfling Fighter began the quest for the Orb.
     0 | D:1      | Reached XP level 1. HP: 15/15 MP: 1/1
    83 | D:2      | Reached XP level 2. HP: 15/20 MP: 2/2
   353 | D:4      | Reached skill level 4 in Shields
   353 | D:4      | Reached XP level 3. HP: 21/25 MP: 3/3
   457 | D:5      | Entered Level 5 of the Dungeon
   496 | D:4      | Reached skill level 1 in Dodging
   496 | D:4      | Reached XP level 4. HP: 19/30 MP: 4/4
   857 | D:7      | Reached XP level 5. HP: 36/36 MP: 5/5
   857 | D:7      | Noticed a centaur
   861 | D:7      | Noticed an orc warrior
   886 | D:7      | Shot with an arrow by a centaur

Skill      XL: |  1  2  3  4 |
---------------+-------------+-----
Shields        | 4 |  4.3
Dodging        | 1 |  1.3
Fighting       | 3 |  3.0
Axes           | 3 |  3.1
Armour         | |  3.7
Stealth        | |  0.1

Action                   |  1- 3 |  4- 6 || total
-------------------------+-------+-------++-------
Melee: War axe           |    48 |    14 ||    62
  Eat: Ration            |       |     1 ||     1
Armor: Scale mail        |    70 |     4 ||    74
Dodge: Dodged            |    70 |    10 ||    80
Block: Shield            |    77 |    24 ||   101
